Map: Beckett Industries LE

Players

FrameSticker

  • Race: Protoss Protoss
  • League: Master

MaDiNiNa - Winner!

  • Race: Terran Terran
  • League: Master

VOD

Have the link to the VOD?

Description

Time

  • Played on: Sept. 27, 2021, 4:15 a.m.
  • Length: 10:55
Show
View Real Time Build Order
Export as new Build Order

FrameSticker Protoss 

Build Orders: 1 Gate Expand 

Get SALT Encoding   

  12  0:00  Probe  
  13  0:12  Probe  
  14  0:17  Pylon  
  14  0:24  Probe (Chrono Boost)  
  16  0:36  Probe (Chrono Boost)  
  16  0:37  Gateway  
  16  0:43  Probe (Chrono Boost)  
  16  0:46  Assimilator  
  17  0:51  Probe  
  18  1:03  Probe  
  19  1:15  Probe  
  20  1:23  Nexus  
  20  1:34  Cybernetics Core  
  20  1:37  Probe  
  21  1:43  Assimilator  
  21  1:49  Probe  
  21  1:52  Pylon  
  22  2:01  Probe  
  23  2:05  Pylon  
  23  2:13  Probe  
  23  2:15  Warp Gate  
  23  2:22  Shield Battery  
  23  2:23  Stalker (Chrono Boost)  
  25  2:43  Stalker (Chrono Boost)  
  26  2:50  Probe  
  27  2:51  Probe  
  27  2:53  Pylon  
  28  3:02  Probe  
  29  3:08  Stalker (Chrono Boost)  
  31  3:13  Shield Battery  
  31  3:20  Robotics Facility  
  31  3:32  Stalker (Chrono Boost)  
  33  3:46  Pylon  
  33  4:05  Immortal (Chrono Boost)  
  37  4:10  Gateway  
  37  4:28  Nexus  
  37  4:50  Nexus  
  31  5:00  Stalker  
  31  5:04  Observer  
  31  5:06  Probe  
  35  5:07  Stalker  
  37  5:14  Twilight Council  
  37  5:18  Probe  
  38  5:21  Pylon  
  38  5:26  Sentry  
  40  5:30  Probe  
  41  5:40  Stalker  
  41  5:42  Probe  
  44  5:44  Immortal  
  48  5:55  Probe (Chrono Boost)  
  48  5:56  Shield Battery  
  49  6:02  Probe (Chrono Boost)  
  50  6:07  Probe (Chrono Boost)  
  50  6:09  Observer  
  50  6:11  Blink (Chrono Boost)  
  52  6:12  Probe (Chrono Boost)  
  52  6:13  Probe (Chrono Boost)  
  52  6:17  Probe (Chrono Boost)  
  53  6:21  Probe  
  53  6:25  Gateway  
  55  6:29  Probe  
  56  6:33  Probe  
  56  6:34  Sentry  
  56  6:38  Observer (Chrono Boost)  
  59  6:41  Probe  
  59  6:42  Assimilator  
  59  6:44  Assimilator  
  60  6:50  Stalker  
  60  6:51  Pylon  
  62  7:06  Robotics Bay  
  62  7:12  Probe x2  
  63  7:19  Observer  
  63  7:21  Nexus  
  63  7:24  Probe  
  64  7:30  Forge  
  64  7:31  Stalker x2  
  64  7:32  Observer  
  64  7:33  Sentry, Forge  
  70  7:41  Probe x2  
  76  7:53  Pylon, Probe  
  77  7:58  Probe  
  78  8:05  Probe  
  78  8:10  Probe  
  78  8:11  Stalker x3  
  82  8:17  Probe  
  77  8:32  Probe x2  
  70  8:35  Probe  
  70  8:41  Stalker  
  70  8:47  Probe x2  
  69  8:49  Probe  
  65  9:01  Probe  
  65  9:02  Probe  
  61  9:03  Probe  
  56  9:26  Pylon  
  56  9:29  Pylon  
  56  9:31  Probe  
  56  9:34  Pylon  
  55  9:40  Pylon  
  55  9:49  Probe x2  
  55  9:50  Nexus  
  55  9:52  Pylon  
  57  9:57  Stalker  
  59  10:01  Probe  
  60  10:14  Stalker x2  
  60  10:16  Probe  
  60  10:18  Cybernetics Core  
  50  10:33  Stalker  
  37  10:40  Zealot x2  
  41  10:43  Pylon  
Show
View Real Time Build Order
Export as new Build Order

MaDiNiNa Terran - Winner!

Build Orders:  

Get SALT Encoding   

  12  0:01  SCV  
  13  0:13  SCV  
  14  0:18  Supply Depot  
  14  0:26  SCV  
  15  0:40  Barracks  
  15  0:49  Barracks  
  15  0:53  SCV  
  16  1:05  SCV  
  17  1:19  SCV  
  18  1:29  Bunker  
  18  1:30  Marine  
  19  1:35  Orbital Command  
  19  1:38  Supply Depot, Marine  
  20  1:48  Marine  
  21  1:56  Marine  
  22  2:06  Bunker, Marine  
  22  2:08  SCV  
  24  2:12  Refinery  
  24  2:14  Marine  
  25  2:20  SCV  
  26  2:24  Marine  
  27  2:32  SCV  
  28  2:44  SCV  
  28  2:50  Marine  
  30  2:56  SCV  
  31  3:02  Command Center  
  31  3:05  Supply Depot  
  30  3:09  SCV  
  31  3:21  Refinery  
  31  3:23  Factory  
  31  3:26  SCV  
  32  3:34  Barracks Tech Lab  
  32  3:39  SCV  
  33  3:50  Barracks  
  33  3:51  SCV  
  33  3:52  Marine  
  35  4:02  Stimpack  
  34  4:03  SCV  
  34  4:08  Factory Tech Lab  
  35  4:15  SCV  
  35  4:16  Marine  
  37  4:17  Orbital Command  
  37  4:26  Barracks  
  37  4:27  SCV  
  37  4:28  Siege Tank  
  41  4:34  Orbital Command  
  41  4:35  Marauder  
  41  4:37  Marine  
  44  4:49  Engineering Bay  
  43  4:55  Marine  
  43  4:59  Marine  
  42  5:04  SCV x2  
  45  5:12  Marine  
  46  5:14  Marine  
  46  5:15  Starport  
  46  5:16  Siege Tank, SCV  
  46  5:19  SCV  
  52  5:40  Marine x2  
  54  5:48  Combat Shield  
  54  5:50  Missile Turret  
  54  5:52  Missile Turret  
  54  5:53  Supply Depot  
  54  5:54  Supply Depot, Missile Turret  
  54  5:55  Starport Reactor  
  54  5:59  SCV  
  54  6:11  Barracks  
  54  6:14  SCV, Marine x3  
  54  6:15  SCV  
  59  6:18  Supply Depot  
  59  6:20  Supply Depot  
  59  6:26  SCV  
  59  6:30  Missile Turret  
  59  6:31  Medivac x2  
  59  6:32  Marine x3  
  67  6:33  SCV  
  68  6:44  Supply Depot  
  68  6:45  Command Center  
  68  6:49  Marine, SCV x2  
  71  6:54  Refinery  
  71  6:56  Refinery, Marine  
  71  6:57  Marine  
  71  6:58  Marine  
  74  7:07  Marine  
  75  7:14  Marine  
  75  7:18  SCV x2  
  76  7:24  Marauder, Marine  
  76  7:25  Supply Depot, Siege Tank, Marine  
  76  7:27  Terran Infantry Weapons Level 1  
  82  7:31  Armory  
  82  7:37  Engineering Bay  
  82  7:45  Marauder  
  82  7:48  Medivac  
  86  7:53  Barracks Tech Lab x3  
  86  7:57  Siege Tank  
  89  8:08  Marauder  
  89  8:12  Terran Infantry Armor Level 1  
  90  8:29  Marine  
  81  8:42  Liberator x2, Marauder x2, Marine  
  81  8:46  Marine  
  90  9:00  Marauder  
  86  9:03  Marine  
  86  9:04  Marauder, Marine  
  87  9:15  SCV x2  
  88  9:21  Marauder, Marine  
  88  9:22  Marine  
  90  9:25  Marine  
  91  9:35  Command Center  
  88  9:39  Marine  
  88  9:42  Marine x2  
  88  9:43  Marauder  
  88  9:44  Siege Tank  
  88  9:45  Sensor Tower  
  96  9:56  Marine  
  96  9:58  SCV x2  
  99  10:00  Orbital Command  
  99  10:04  Missile Turret  
  99  10:10  SCV  
Tags
 
Add a new tag
Caveats
  • Supply blocks, unpowered buildings, or Contaminate may cause inaccurate times.
  • Supply counts are checked every 10 seconds.